 Dungeon Crawl Stone Soup version 0.28-a0-422-gd71735cc25 (webtiles) character file.

Game seed: 2976715520238284441

1358 heikuro the Stinger (level 8, 0/60 HPs)
             Began as a Formicid Fighter on Sept 9, 2021.
             Was a Believer of Sif Muna.
             Slain by a hornet zombie (4 damage)
             ... on level 5 of the Dungeon.
             The game lasted 00:11:55 (6629 turns).

heikuro the Stinger (Formicid Fighter)              Turns: 6629, Time: 00:11:56

Health: 0/60       AC: 12    Str: 22    XL:     8   Next: 96%
Magic:  13/13      EV:  8    Int:  9    God:    Sif Muna [**....]
Gold:   290        SH:  4    Dex: 10    Spells: 12/14 levels left

rFire   . . .      SeeInvis +   a - +0 long sword
rCold   + . .      Faith    .   c - +0 buckler
rNeg    . . .      Spirit   .   t - +2 chain mail {rPois}
rPois   +          Reflect  .   (helmet unavailable)
rElec   .          Harm     .   (no cloak)
rCorr   +          Rampage  .   (no gloves)
Will    .....                   (no boots)
Stlth   ..........              (no amulet)
HPRegen 0.20/turn               y - ring of resist corrosion
MPRegen 0.13/turn               x - ring of protection from cold

@: no status effects
A: permanent stasis, dig shafts and tunnels, antennae 3, four strong arms
a: Dig, Shaft Self, Renounce Religion, Channel Magic


You were on level 5 of the Dungeon.
You worshipped Sif Muna.
Sif Muna was pleased with you.
You visited 2 branches of the dungeon, and saw 6 of its levels.

You collected 290 gold pieces.

Inventory:

Hand Weapons
 a - a +0 long sword (weapon)
 v - a +0 dagger of venom
Missiles
 f - 13 poisoned darts (quivered)
 B - 2 javelins
Armour
 c - a +0 buckler (worn)
 t - a +2 chain mail of poison resistance (worn)
Jewellery
 i - a ring of ice
 p - a ring of poison resistance
 x - a ring of protection from cold (right hand)
 y - a ring of resist corrosion (left hand)
Wands
 u - a wand of polymorph (11)
Scrolls
 b - a scroll of amnesia {unknown}
 g - a scroll of teleportation {unknown}
 k - a scroll of magic mapping {unknown}
 l - 3 scrolls of immolation
 m - a scroll of holy word {unknown}
 o - a scroll of fear {unknown}
 q - a scroll of enchant armour {unknown}
 r - 2 scrolls of noise {unknown}
 s - a scroll of enchant weapon {unknown}
 C - a scroll of torment {unknown}
 D - a scroll of identify
Potions
 d - a potion of heal wounds {unknown}
 e - 3 potions of flight
 h - 7 potions of curing
 j - 3 potions of mutation {unknown}
 n - a potion of degeneration {unknown}
 w - a potion of might
 z - a potion of berserk rage {unknown}
 A - 2 potions of attraction {unknown}


   Skills:
 - Level 3.7 Fighting
 + Level 5.0 Long Blades
 + Level 5.7 Armour
 - Level 4.3 Shields
 + Level 3.5 Spellcasting
 * Level 6.8 Poison Magic
 + Level 4.3 Invocations


You had 12 spell levels left.
You knew the following spells:

 Your Spells              Type           Power      Damage    Failure   Level
a - Poisonous Vapours     Pois/Air       14%        N/A       63%         2

Your spell library contained the following spells:

 Spells                   Type           Power      Damage    Failure   Level
 Corpse Rot               Necr/Air       N/A        N/A       97%         2
 Lesser Beckoning         Tloc           1%         N/A       100%        3
 Manifold Assault         Tloc           1%         N/A       100%        5
 Blink                    Tloc           Unusable   N/A       N/A         2

Dungeon Overview and Level Annotations

Branches:
Dungeon (5/15)             Temple (1/1) D:4

Altars:
Ashenzari
Cheibriados
Dithmenos
Elyvilon
Fedhas
Gozag
Hepliaklqana
Kikubaaqudgha
Makhleb
Nemelex Xobeh
Okawaru
Qazlal
Ru
Sif Muna
Trog
Uskayaw
Vehumet
Wu Jian
Xom
Yredelemnul
Zin
The Shining One


Innate Abilities, Weirdness & Mutations

You cannot be hasted, slowed, berserked, paralysed or teleported.
You can dig through walls and to a lower floor.
You have a pair of large antennae on your head. (SInv)
Your four strong arms can wield two-handed weapons with a shield.


Message History

a - a +0 long sword (weapon)
The hornet zombie hits you.
You hit the gnoll.
You kill the gnoll!
Sif Muna accepts your kill.
The hornet zombie completely misses you.
The hornet zombie barely misses you.
You barely miss the hornet zombie.
The hornet zombie is lightly damaged.
The hornet zombie barely misses you.
You hit the hornet zombie.
The hornet zombie is lightly damaged.
The hornet zombie hits you.
The hornet zombie hits you but does no damage.
You barely miss the hornet zombie.
The hornet zombie is lightly damaged.
The hornet zombie hits you!
You slash the hornet zombie!
The hornet zombie is moderately damaged.
The hornet zombie hits you.
* * * LOW HITPOINT WARNING * * *
The hornet zombie completely misses you.
You closely miss the hornet zombie.
The hornet zombie is moderately damaged.
The hornet zombie hits you!
* * * LOW HITPOINT WARNING * * *
You slash the hornet zombie!
The hornet zombie is moderately damaged.
You block the hornet zombie's attack. The hornet zombie hits you!
* * * LOW HITPOINT WARNING * * *
You slash the hornet zombie!
The hornet zombie is heavily damaged.
The hornet zombie hits you but does no damage.
You slash the hornet zombie!
The hornet zombie is severely damaged.
The hornet zombie hits you but does no damage. x2
You closely miss the hornet zombie.
The hornet zombie is severely damaged.
The hornet zombie hits you.
You die...

#..........##.......# #.#
#..........##.#.....# #.#
#.............####..## #.#
#.........###........###.#
#.........# #........#....
#.........# #........#....
#.).......# #........#....
#.........# #.............
#........@# #######.......
......Z)# ...........
.......)# ............
.......†####........##.#
########.)...........#.#
#.......)......#.#
....................#
{..........#####... ..#
............. ## #..#


You could see a hornet zombie.

Vanquished Creatures
  Edmund (D:4)
  Menkaure (D:4)
  Duvessa (D:4)
  An ice beast (D:4)
  A necrophage (D:3)
  An ogre (D:4)
  A centaur (D:5)
  2 phantoms (D:3)
  A scorpion (D:5)
  Dowan (D:4)
  A centaur zombie (D:5)
  2 hounds (D:4)
  A bullfrog skeleton (D:4)
  3 iguanas (D:4)
  Terence (D:3)
  3 adders (D:2)
  7 gnolls
  An ufetubus (D:3)
  An adder zombie (D:5)
  A dart slug (D:1)
  6 orcs
  5 bats
  6 endoplasms
  3 giant cockroaches (D:2)
  11 goblins
  7 hobgoblins
  13 kobolds
  3 quokkas
  5 ball pythons
  4 frilled lizards
  7 rats
102 creatures vanquished.

Notes
Turn   | Place    | Note
-------+----------+-------------------------------------------
     0 | D:1      | heikuro the Formicid Fighter began the quest for the Orb.
     0 | D:1      | Reached XP level 1. HP: 18/18 MP: 1/1
   313 | D:1      | Reached XP level 2. HP: 21/24 MP: 2/2
   683 | D:1      | Reached XP level 3. HP: 29/29 MP: 3/3
  1473 | D:2      | Found a faded altar of an unknown god.
  1499 | D:2      | Reached XP level 4. HP: 27/37 MP: 4/4
  1634 | D:2      | Became a worshipper of Sif Muna the Loreminder
  1634 | D:2      | Reached * piety under Sif Muna
  2386 | D:3      | Learned a level 2 spell: Poisonous Vapours
  2417 | D:3      | Noticed Terence
  2418 | D:3      | Noticed a phantom
  2841 | D:2      | Reached skill level 1 in Invocations
  2841 | D:2      | Reached XP level 5. HP: 38/42 MP: 5/5
  2851 | D:3      | Reached skill level 1 in Poison Magic
  3077 | D:3      | Noticed a necrophage
  3085 | D:3      | Killed a necrophage
  3085 | D:3      | Reached ** piety under Sif Muna
  3086 | D:3      | Reached skill level 1 in Spellcasting
  3086 | D:3      | Reached skill level 2 in Poison Magic
  3086 | D:3      | Reached XP level 6. HP: 48/48 MP: 5/7
  3094 | D:3      | Killed Terence
  3556 | D:3      | Reached skill level 3 in Poison Magic
  3847 | D:4      | Noticed an ice beast
  3866 | D:4      | Killed an ice beast
  3867 | D:4      | Reached XP level 7. HP: 42/53 MP: 9/9
  4317 | D:4      | Reached skill level 4 in Poison Magic
  4345 | D:4      | Found a staircase to the Ecumenical Temple.
  4515 | D:4      | Noticed Menkaure
  4515 | D:4      | Noticed Edmund
  4522 | D:4      | Killed Menkaure
  4533 | D:4      | Killed Edmund
  4534 | D:4      | Reached skill level 5 in Armour
  4534 | D:4      | Reached skill level 5 in Poison Magic
  4534 | D:4      | Reached XP level 8. HP: 44/60 MP: 11/11
  4645 | D:4      | Noticed Duvessa
  4645 | D:4      | Noticed Dowan
  4763 | Temple   | Entered the Ecumenical Temple
  5720 | D:4      | Killed Duvessa
  5721 | D:4      | Reached skill level 6 in Poison Magic
  5735 | D:4      | Killed Dowan
  5935 | D:5      | Entered Level 5 of the Dungeon
  6413 | D:5      | Found a blossoming altar of Fedhas.
  6456 | D:4      | Reached skill level 5 in Long Blades
  6629 | D:5      | Slain by a hornet zombie

Illustrated notes

Levels and vault maps discovered:
D:1:      lightli_arrival_quake, layout_basic
D:2:      kb_forest_paths, layout_loops_ring, hellmonk_ecumenical_altar_blasted
D:3:      layout_rooms, chequers_serial_rivers_small_a, moated_statue,
          uniq_terence
D:4:      layout_rooms, minmay_temple_entry_water_ring, uniq_edmund,
          uniq_menkaure, uniq_duvessa
D:5:      layout_basic, fedhas_bush_and_centaur_altar, uniq_eustachio
Temple:   nicolae_temple_the_god_donut

Skill      XL: |  1  2  3  4  5  6  7  8 |
---------------+-------------------------+-----
Shields        | 4 |  4.3
Long Blades    | 3 4 5 |  5.0
Invocations    | 1 2 3 4 |  4.3
Poison Magic   | 2 3 5 6 |  6.8
Armour         | 4 5 |  5.7
Spellcasting   | 1 2 3 |  3.5
Fighting       | |  3.7

Action                   |  1- 3 |  4- 6 |  7- 9 || total
-------------------------+-------+-------+-------++-------
Melee: Long sword        |    87 |   174 |   130 ||   391
       Dagger            |       |       |    41 ||    41
Throw: Dart              |     6 |       |       ||     6
 Cast: Poisonous Vapours |       |       |     1 ||     1
  Use: Scroll            |       |     2 |       ||     2
       Potion            |       |       |     1 ||     1
Armor: Scale mail        |    51 |    42 |       ||    93
       Chain mail        |       |    27 |    85 ||   112
       Skin              |       |     4 |       ||     4
Dodge: Dodged            |    52 |    81 |    70 ||   203
Block: Buckler           |    12 |    39 |    49 ||   100

Table legend: (Time is in decaauts)
 A = Elapsed time spent in this place.
 B = Non-inter-level travel time spent in this place.
 C = Inter-level travel time spent in this place.
 D = Time resting spent in this place.
 E = Time spent auto-exploring this place.
 F = Levels seen in this place.
 G = Mean time per level.
                   A        B        C        D        E       F      G
               +--------+--------+--------+--------+--------+-----+--------+
         Total |   6736 |   6078 |    658 |   1798 |   2638 |   6 | 1122.7 |
       Dungeon |   6481 |   5839 |    642 |   1798 |   2416 |   5 | 1296.2 |
        Temple |    254 |    238 |     16 |      0 |    222 |   1 |  254.0 |
               +--------+--------+--------+--------+--------+-----+--------+

Top non-repeatable levels by time:
     D:3: 1795 daAuts
     D:2: 1665 daAuts
     D:1: 1307 daAuts
     D:4: 1218 daAuts
     D:5: 494 daAuts
  Temple: 254 daAuts
